| TOP OF THE 1ST |
|
California Angels batting - Pitching for Toronto Blue Jays : RHP Dane Anthony
|
|
Pitching: RHP Dane Anthony
|
|
|
Batting: RHB Frank White
|
0-0: Foul Ball, location: 2F 0-1: SINGLE (Line Drive, 8RS, EV 103.8 MPH)
|
|
Batting: RHB Jeff Atherton
|
0-0: Swinging Strike 0-1: Ball 1-1: Fly out, F5 (Flyball, 5D, EV 87.5 MPH)
|
|
Batting: SHB Jon Hernandez
|
0-0: Ball 1-0: Ball 2-0: Called Strike 2-1: Ball 3-1: Foul Ball, location: 2F 3-2: Foul Ball, location: 2F 3-2: Foul Ball, location: 2F 3-2: Fly out, F8 (Flyball, 78S, EV 73.8 MPH)
|
|
Batting: LHB Brian Rosinski
|
0-0: Called Strike 0-1: Ball 1-1: Foul Ball, location: 2F 1-2: Foul Ball, location: 2F 1-2: Ball 2-2: Ground out 1-3 (Groundball, 13, EV 68.8 MPH)
|
| Top of the 1st over - 0 runs, 1 hit, 0 errors, 1 left on base; California 0 - Toronto 0 |
| BOTTOM OF THE 1ST |
|
Toronto Blue Jays batting - Pitching for California Angels : RHP Eric Prevost
|
|
Pitching: RHP Eric Prevost
|
|
|
Batting: SHB Harold Reynolds
|
0-0: Ball 1-0: Ball 2-0: DOUBLE (Line Drive, 5D, EV 94.4 MPH)
|
|
Batting: LHB Sheldon Mallory
|
0-0: Ball 1-0: Ball 2-0: DOUBLE (Groundball, 3D, EV 101.9 MPH) Harold Reynolds scores
|
|
Batting: LHB Chad Daley
|
0-0: Swinging Strike 0-1: Fly out, F7 (Flyball, 7S, EV 81.3 MPH)
|
|
Batting: RHB Jose Gonzalez
|
0-0: Swinging Strike 0-1: Foul Ball, location: 2F 0-2: Ball 1-2: Ground out 6-3 (Groundball, 6, EV 81.9 MPH) Sheldon Mallory to third
|
|
Batting: RHB Andres Galarraga
|
0-0: SINGLE (Groundball, 56D, EV 108.8 MPH) Sheldon Mallory scores
|
|
Batting: RHB Juan Monasterio
|
0-0: Ball Andres Galarraga steals 2nd base 1-0: Foul Ball, location: 2F 1-1: Ball 2-1: Fly out, F8 (Flyball, 78D, EV 85.6 MPH)
|
| Bottom of the 1st over - 2 runs, 3 hits, 0 errors, 1 left on base; California 0 - Toronto 2 |
| TOP OF THE 2ND |
|
California Angels batting - Pitching for Toronto Blue Jays : RHP Dane Anthony
|
|
Batting: LHB Jason D Thompson
|
0-0: Ball 1-0: SINGLE (Groundball, 4MD, EV 106.3 MPH)
|
|
Batting: RHB Carlos Pimentel
|
0-0: Fielders Choice at 2nd, 6-4 (Groundball, 6, EV 80.0 MPH)
|
|
Batting: SHB Manny Castillo
|
0-0: Foul Ball, location: 2F 0-1: Ball 1-1: SINGLE (Groundball, 34D, EV 95.6 MPH) Carlos Pimentel to second Runner from 2nd tries for 3rd, SAFE, throw by RF made to third
|
|
Batting: SHB Ignacio Medina
|
0-0: Grounds into double play, 4-6-3 (Groundball, 4, EV 112.5 MPH)
|
| Top of the 2nd over - 0 runs, 2 hits, 0 errors, 1 left on base; California 0 - Toronto 2 |
| BOTTOM OF THE 2ND |
|
Toronto Blue Jays batting - Pitching for California Angels : RHP Eric Prevost
|
|
Batting: RHB Cal Ripken
|
0-0: Ground out 6-3 (Groundball, 56, EV 83.8 MPH)
|
|
Batting: LHB Steve Stroughter
|
0-0: Ball 1-0: Ground out 5-3 (Groundball, 56, EV 102.5 MPH)
|
|
Batting: SHB Ron Roenicke
|
0-0: Ball 1-0: Called Strike 1-1: Foul Ball, location: 2F 1-2: Ground out 4-3 (Groundball, 4, EV 83.1 MPH)
|
| Bottom of the 2nd over - 0 runs, 0 hits, 0 errors, 0 left on base; California 0 - Toronto 2 |
| TOP OF THE 3RD |
|
California Angels batting - Pitching for Toronto Blue Jays : RHP Dane Anthony
|
|
Batting: RHB Charlie Moore
|
0-0: Ball 1-0: Ball 2-0: Fly out, F5 (Popup, 5F, EV 62.5 MPH)
|
|
Batting: RHB Frank White
|
0-0: Ground out 5-3 (Groundball, 56, EV 88.8 MPH)
|
|
Batting: RHB Jeff Atherton
|
0-0: Reached on error, E6 (Groundball, 6MD, EV 108.1 MPH)
|
|
Batting: SHB Jon Hernandez
|
0-0: Called Strike 0-1: Ball 1-1: Ball 2-1: Foul Ball, location: 2F 2-2: SINGLE (Popup, 56D, EV 72.5 MPH) Jeff Atherton to third Runner from 3rd tries for Home, SAFE, throw by SS to home
|
|
Batting: LHB Brian Rosinski
|
0-0: Called Strike 0-1: Called Strike 0-2: Ball 1-2: Ball 2-2: Strikes out looking
|
| Top of the 3rd over - 1 run, 1 hit, 1 error, 1 left on base; California 1 - Toronto 2 |
| BOTTOM OF THE 3RD |
|
Toronto Blue Jays batting - Pitching for California Angels : RHP Eric Prevost
|
|
Batting: SHB Harold Reynolds
|
0-0: Called Strike 0-1: Called Strike 0-2: Fly out, F6 (Popup, 6M, EV 48.8 MPH)
|
|
Batting: LHB Sheldon Mallory
|
0-0: Ball 1-0: Ball 2-0: Foul Ball, location: 2F 2-1: Ball 3-1: Ground out 6-3 (Groundball, 6, EV 93.1 MPH)
|
|
Batting: LHB Chad Daley
|
0-0: Foul Ball, location: 2F 0-1: Ball 1-1: Swinging Strike 1-2: Ball 2-2: Foul Ball, location: 2F 2-2: DOUBLE (Groundball, 3L, EV 105.6 MPH)
|
|
Batting: RHB Jose Gonzalez
|
0-0: SINGLE (Groundball, 34D, EV 108.8 MPH) Chad Daley to third Runner from 3rd tries for Home, throw by RF and OUT! 9-2
|
| Bottom of the 3rd over - 0 runs, 2 hits, 0 errors, 1 left on base; California 1 - Toronto 2 |
| TOP OF THE 4TH |
|
California Angels batting - Pitching for Toronto Blue Jays : RHP Dane Anthony
|
|
Batting: LHB Jason D Thompson
|
0-0: Ball 1-0: Ball 2-0: Foul Ball, location: 2F 2-1: SINGLE (Line Drive, 9S, EV 98.1 MPH)
|
|
Batting: RHB Carlos Pimentel
|
0-0: Called Strike 0-1: Ball 1-1: Ball 2-1: Fly out, F4 (Flyball, 4D, EV 77.5 MPH)
|
|
Batting: SHB Manny Castillo
|
0-0: Fly out, F2 (Popup, 3SF, EV 80.0 MPH)
|
|
Batting: SHB Ignacio Medina
|
0-0: Foul Ball, location: 2F 0-1: Called Strike 0-2: Ball 1-2: DOUBLE (Line Drive, 7LM, EV 103.1 MPH) Jason D Thompson to third Runner from 3rd tries for Home, SAFE, no throw by LF
|
|
Batting: RHB Charlie Moore
|
0-0: SINGLE (Flyball, 6D, EV 93.1 MPH) Ignacio Medina to third Runner from 3rd tries for Home, SAFE, throw by CF to home
|
|
Batting: RHB Frank White
|
0-0: Ball 1-0: Ball 2-0: Ball 3-0: Called Strike 3-1: Base on Balls Charlie Moore to second
|
|
Batting: RHB Jeff Atherton
|
0-0: Swinging Strike 0-1: Ball 1-1: Fly out, F9 (Flyball, 89S, EV 95.6 MPH)
|
| Top of the 4th over - 2 runs, 3 hits, 0 errors, 2 left on base; California 3 - Toronto 2 |
| BOTTOM OF THE 4TH |
|
Toronto Blue Jays batting - Pitching for California Angels : RHP Eric Prevost
|
|
Batting: RHB Andres Galarraga
|
0-0: Ball 1-0: Ground out 6-3 (Groundball, 6, EV 91.9 MPH)
|
|
Batting: RHB Juan Monasterio
|
0-0: Foul Ball, location: 2F 0-1: Ball 1-1: Called Strike 1-2: SINGLE (Flyball, 34D, EV 93.8 MPH)
|
|
Batting: RHB Cal Ripken
|
0-0: Ball 1-0: Foul Ball, location: 2F 1-1: Ball 2-1: Swinging Strike 2-2: Strikes out swinging
|
|
Batting: LHB Steve Stroughter
|
0-0: Ball 1-0: Ground out 4-3 (Groundball, 13, EV 84.4 MPH)
|
| Bottom of the 4th over - 0 runs, 1 hit, 0 errors, 1 left on base; California 3 - Toronto 2 |
| TOP OF THE 5TH |
|
California Angels batting - Pitching for Toronto Blue Jays : RHP Dane Anthony
|
|
Batting: SHB Jon Hernandez
|
0-0: SINGLE (Groundball, 6MD, EV 103.1 MPH)
|
|
Batting: LHB Brian Rosinski
|
0-0: Ball 1-0: Called Strike 1-1: Foul Ball, location: 2F 1-2: Foul Ball, location: 2F 1-2: Fly out, F9 (Flyball, 89D, EV 90.6 MPH)
|
|
Batting: LHB Jason D Thompson
|
0-0: Ball Wild Pitch! Jon Hernandez to second 1-0: Foul Ball, location: 2F 1-1: Foul Ball, location: 2F 1-2: Strikes out swinging
|
|
Batting: RHB Carlos Pimentel
|
0-0: Swinging Strike 0-1: Called Strike 0-2: Ball 1-2: Foul Ball, location: 2F 1-2: Ball 2-2: Ball 3-2: Fly out, F9 (Flyball, 9D, EV 98.1 MPH)
|
| Top of the 5th over - 0 runs, 1 hit, 0 errors, 1 left on base; California 3 - Toronto 2 |
| BOTTOM OF THE 5TH |
|
Toronto Blue Jays batting - Pitching for California Angels : RHP Eric Prevost
|
|
Batting: SHB Ron Roenicke
|
0-0: Ball 1-0: Called Strike 1-1: Called Strike 1-2: Ball 2-2: Ball 3-2: Foul Ball, location: 2F 3-2: Foul Ball, location: 2F 3-2: Foul Ball, location: 2F 3-2: Fly out, F4 (Popup, 3D, EV 57.5 MPH)
|
|
Batting: SHB Harold Reynolds
|
0-0: SINGLE (Line Drive, 5, EV 99.4 MPH)
|
|
Batting: LHB Sheldon Mallory
|
0-0: Ball Harold Reynolds steals 2nd, throwing error, E2 Harold Reynolds to third 1-0: Ground out 4-3 (Groundball, 34, EV 80.6 MPH) Harold Reynolds scores
|
|
Batting: LHB Chad Daley
|
0-0: Ball 1-0: Called Strike 1-1: Ball 2-1: Ball 3-1: Base on Balls
|
|
Batting: RHB Jose Gonzalez
|
0-0: Fielders Choice at 2nd, 5-4 (Groundball, 5, EV 83.1 MPH)
|
| Bottom of the 5th over - 1 run, 1 hit, 1 error, 1 left on base; California 3 - Toronto 3 |
| TOP OF THE 6TH |
|
California Angels batting - Pitching for Toronto Blue Jays : RHP Dane Anthony
|
|
Batting: SHB Manny Castillo
|
0-0: Ball 1-0: Fly out, F8 (Flyball, 8LM, EV 95.6 MPH)
|
|
Batting: SHB Ignacio Medina
|
0-0: Called Strike 0-1: Ball 1-1: Foul Ball, location: 2F 1-2: Ball 2-2: Ball 3-2: Foul Ball, location: 2F 3-2: Foul Ball, location: 2F 3-2: Strikes out swinging
|
|
Batting: RHB Charlie Moore
|
0-0: SINGLE (Line Drive, 8RS, EV 108.8 MPH)
|
|
Batting: RHB Frank White
|
0-0: Ball 1-0: Swinging Strike 1-1: Foul Ball, location: 2F 1-2: Strikes out swinging
|
| Top of the 6th over - 0 runs, 1 hit, 0 errors, 1 left on base; California 3 - Toronto 3 |
| BOTTOM OF THE 6TH |
|
Toronto Blue Jays batting - Pitching for California Angels : RHP Eric Prevost
|
|
Batting: RHB Andres Galarraga
|
0-0: Called Strike 0-1: Ball 1-1: Ground out 6-3 (Groundball, 6D, EV 83.1 MPH)
|
|
Batting: RHB Juan Monasterio
|
0-0: Swinging Strike 0-1: Ground out 4-3 (Groundball, 4S, EV 66.9 MPH)
|
|
Batting: RHB Cal Ripken
|
0-0: Ball 1-0: Fly out, F8 (Flyball, 8LS, EV 88.1 MPH)
|
| Bottom of the 6th over - 0 runs, 0 hits, 0 errors, 0 left on base; California 3 - Toronto 3 |
| TOP OF THE 7TH |
|
California Angels batting - Pitching for Toronto Blue Jays : RHP Dane Anthony
|
|
Batting: RHB Jeff Atherton
|
0-0: Ball 1-0: Ball 2-0: Ball 3-0: Called Strike 3-1: Swinging Strike 3-2: Ground out 6-3 (Groundball, 6, EV 86.3 MPH)
|
|
Batting: SHB Jon Hernandez
|
0-0: Ball 1-0: Foul Ball, location: 2F 1-1: Foul Ball, location: 2F 1-2: Fly out, F9 (Flyball, 89M, EV 92.5 MPH)
|
|
Batting: LHB Brian Rosinski
|
0-0: Foul Ball, location: 2F 0-1: Swinging Strike 0-2: Strikes out swinging
|
| Top of the 7th over - 0 runs, 0 hits, 0 errors, 0 left on base; California 3 - Toronto 3 |
| BOTTOM OF THE 7TH |
|
Toronto Blue Jays batting - Pitching for California Angels : RHP Eric Prevost
|
|
Batting: LHB Steve Stroughter
|
0-0: Called Strike 0-1: Foul Ball, location: 2F 0-2: Ball 1-2: Ball 2-2: Fly out, F4 (Popup, 4D, EV 48.1 MPH)
|
|
Batting: SHB Ron Roenicke
|
0-0: Swinging Strike 0-1: Ball 1-1: Ball 2-1: Ball 3-1: Swinging Strike 3-2: Ground out 4-3 (Groundball, 4M, EV 108.1 MPH)
|
|
Batting: SHB Harold Reynolds
|
0-0: Ball 1-0: Swinging Strike 1-1: Foul Ball, location: 2F 1-2: SINGLE (Groundball, 4MS, EV 67.5 MPH) (infield hit)
|
|
Batting: LHB Sheldon Mallory
|
0-0: Ball 1-0: Ball 2-0: Foul Ball, location: 2F 2-1: Foul Ball, location: 2F 2-2: Ball 3-2: Base on Balls Harold Reynolds to second
|
|
Batting: LHB Chad Daley
|
0-0: Called Strike 0-1: Ball 1-1: Ball 2-1: Fly out, F8 (Flyball, 8RXD, EV 90.6 MPH)
|
| Bottom of the 7th over - 0 runs, 1 hit, 0 errors, 2 left on base; California 3 - Toronto 3 |
| TOP OF THE 8TH |
|
California Angels batting - Pitching for Toronto Blue Jays : RHP Dane Anthony
|
|
Batting: LHB Jason D Thompson
|
0-0: Ball 1-0: TRIPLE (Flyball, 78XD, EV 93.1 MPH)
|
|
Batting: RHB Carlos Pimentel
|
0-0: Called Strike 0-1: Ball 1-1: Swinging Strike 1-2: Ball 2-2: Foul Ball, location: 2F 2-2: Strikes out swinging
|
|
Batting: SHB Manny Castillo
|
0-0: Called Strike 0-1: SINGLE (Line Drive, 34D, EV 95.6 MPH) Jason D Thompson scores
|
|
Batting: SHB Ignacio Medina
|
0-0: Called Strike 0-1: SINGLE (Line Drive, 89S, EV 105.0 MPH) Manny Castillo to second Runner from 2nd tries for 3rd, OUT! 9-5
|
|
Batting: RHB Charlie Moore
|
0-0: Fly out, F8 (Flyball, 89S, EV 80.0 MPH)
|
| Top of the 8th over - 1 run, 3 hits, 0 errors, 1 left on base; California 4 - Toronto 3 |
| BOTTOM OF THE 8TH |
|
Toronto Blue Jays batting - Pitching for California Angels : RHP Eric Prevost
|
|
Batting: RHB Jose Gonzalez
|
0-0: Ball 1-0: Fly out, F8 (Flyball, 89XD, EV 101.3 MPH)
|
|
Batting: RHB Andres Galarraga
|
0-0: SINGLE (Groundball, 6MD, EV 108.8 MPH)
|
|
Pitching: RHP Jerry Reed
|
|
|
Batting: RHB Juan Monasterio
|
0-0: Called Strike 0-1: SINGLE (Flyball, 3D, EV 91.3 MPH) Andres Galarraga to second Runner from 2nd tries for 3rd, OUT! 9-5
|
|
Batting: RHB Cal Ripken
|
0-0: Foul Ball, location: 2F 0-1: Ball 1-1: Fly out, F9 (Line Drive, 9, EV 91.9 MPH)
|
| Bottom of the 8th over - 0 runs, 2 hits, 0 errors, 1 left on base; California 4 - Toronto 3 |
| TOP OF THE 9TH |
|
California Angels batting - Pitching for Toronto Blue Jays : RHP Dane Anthony
|
|
Batting: RHB Frank White
|
0-0: Swinging Strike 0-1: SINGLE (Line Drive, 56D, EV 103.8 MPH)
|
|
Batting: RHB Jeff Atherton
|
0-0: Ball 1-0: Ball Frank White steals 2nd base (no throw) 2-0: Sac Bunt to 2L - play at first, batter OUT! 2-4 Frank White to third
|
|
Batting: SHB Jon Hernandez
|
0-0: Intentional Walk
|
|
Batting: LHB Brian Rosinski
|
0-0: Called Strike 0-1: Ball 1-1: Called Strike 1-2: Strikes out swinging
|
|
Pitching: RHP Burt Nordstrom
|
|
|
Batting: LHB Jason D Thompson
|
0-0: Foul Ball, location: 2F 0-1: Swinging Strike 0-2: Strikes out swinging
|
| Top of the 9th over - 0 runs, 1 hit, 0 errors, 2 left on base; California 4 - Toronto 3 |
| BOTTOM OF THE 9TH |
|
Toronto Blue Jays batting - Pitching for California Angels : RHP Jerry Reed
|
|
Batting: LHB Steve Stroughter
|
0-0: Fly out, F7 (Flyball, 7, EV 90.0 MPH)
|
|
Batting: SHB Ron Roenicke
|
0-0: Ball 1-0: SINGLE (Groundball, 34S, EV 75.6 MPH) (infield hit)
|
|
Batting: SHB Harold Reynolds
|
0-0: Called Strike 0-1: Ball 1-1: Ball 2-1: Ball 3-1: Swinging Strike 3-2: Base on Balls Ron Roenicke to second
|
|
Batting: LHB Sheldon Mallory
|
0-0: Foul Ball, location: 2F 0-1: Ball 1-1: Ball 2-1: Swinging Strike 2-2: Ball 3-2: SINGLE (Groundball, 3D, EV 98.8 MPH) Ron Roenicke to third Harold Reynolds to second Runner from 3rd tries for Home, SAFE, throw by RF to home Harold Reynolds to third Sheldon Mallory to second
|
|
Batting: LHB Chad Daley
|
0-0: Intentional Walk
|
|
Batting: RHB Jose Gonzalez
|
0-0: Ball 1-0: Swinging Strike 1-1: Ball 2-1: Foul Ball, location: 2F 2-2: SINGLE (Line Drive, 3, EV 95.0 MPH) Harold Reynolds scores
|
| Bottom of the 9th over - 2 runs, 3 hits, 0 errors, 0 left on base; California 4 - Toronto 5 |
|